 Dungeon Crawl Stone Soup version 0.26-a0-720-g2a1d101370 (webtiles) character file.

Game seed: 14883764018084687668

139 GordonOverkill the Magician (level 5, 0/24 HPs)
             Began as a Spriggan Ice Elementalist on Nov 2, 2020.
             Succumbed to a worker ant's poison
             ... on level 4 of the Dungeon.
             The game lasted 00:03:56 (1688 turns).

GordonOverkill the Magician (SpIE)                  Turns: 1688, Time: 00:03:56

Health: 0/24       AC:  2    Str:  4    XL:     5   Next: 1%
Magic:  2/13       EV: 18    Int: 18    God:
Gold:   74         SH:  0    Dex: 14    Spells: 9/13 levels left

rFire    . . .     SeeInvis +   f - +0 dagger
rCold    . . .     Faith    .   (shield restricted)
rNeg     . . .     Spirit   .   a - +0 robe
rPois    .         Reflect  .   (helmet restricted)
rElec    .         Harm     .   (no cloak)
rCorr    .         Rampage  .   (gloves unavailable)
MR       .....                  (boots unavailable)
Stlth    ++........             (no amulet)
HPRegen  0.08/turn              (no ring)
MPRegen  0.13/turn              (no ring)

@: lethally poisoned (0 -> -4), stab, very quick
A: very small, unfitting armour, see invisible, blink, clumsy 1, speed 3, sense
surroundings 1
a: Blink


You were on level 4 of the Dungeon.
You visited 1 branch of the dungeon, and saw 3 of its levels.

You collected 74 gold pieces.

Inventory:

Hand Weapons
 f - a +0 dagger (weapon)
Armour
 a - a +0 robe (worn)
Jewellery
 b - an uncursed amulet of guardian spirit {unknown}
Scrolls
 c - a scroll of enchant armour {unknown}
 d - 2 scrolls of identify {unknown}
 g - a scroll of fog {unknown}
 j - a scroll of teleportation {unknown}
Potions
 h - a potion of stabbing


   Skills:
 - Level 3.0 Dodging
 - Level 3.0 Stealth
 + Level 4.9 Spellcasting
 + Level 4.3 Ice Magic


You had 9 spell levels left.
You knew the following spells:

 Your Spells              Type           Power        Failure   Level
a - Freeze                Ice            ###.         2%          1
b - Frozen Ramparts       Ice            ###...       7%          3

Your spell library contained the following spells:

 Spells                   Type           Power        Failure   Level
 Ozocubu's Armour         Ice            ###.....     7%          3
 Ensorcelled Hibernation  Hex/Ice        ##....       9%          2
 Corona                   Hex            #......      14%         1
 Confusing Touch          Hex            #.......     38%         3
 Dazzling Flash           Conj/Hex       #.....       38%         3
 Tukima's Dance           Hex            #.......     38%         3
 Hailstorm                Conj/Ice       ##......     47%         4
 Summon Ice Beast         Ice/Summ       ##......     47%         4


Dungeon Overview and Level Annotations

Branches:
Dungeon (2/15)

Altars:
Nemelex Xobeh


Innate Abilities, Weirdness & Mutations

You are very small and have problems with some larger weapons.
You are too small for most types of armour.
You have supernaturally acute eyesight. (SInv)
You cover ground extremely quickly.
You can translocate small distances at will.
You are clumsy. (Dex -2)
You passively map a small area around you.


Message History

Your magical effects are unravelling.
You feel magically purged.
Your magical contamination has completely faded away.
The frozen ramparts melt away.
It was a potion of stabbing.
You feel ready to backstab.
* * * LOW HITPOINT WARNING * * *
You feel sick.
Casting: Freeze (safe; 2% risk of failure)
Confirm with . or Enter, or press ? or * to list all spells.
You can't see any susceptible monsters within range! (Use Z to cast anyway.) It was a potion of mutation.
You feel extremely strange.
You feel a strange attunement to the structure of the dungeons.
You feel clumsy.
You feel jittery.
Unknown command.
* * * LOW HITPOINT WARNING * * *
You feel sick.
Unknown command.
Okay, then.
You die...

###..#.....#* ,
##.#.....# #.. * *
#.......# #..,
##......##..
#.........*
##.......# ,
#......## ###.....##
, ##..##..@## ## ,
###.)#####..####.#
#..### #.†.....# ≈
##.# ##†.....# #.#
##......## , #.##
###......... ,
#..####..........# ,
###[..#............#
,
#.........(#........


There were no monsters in sight!

Vanquished Creatures
  2 worker ants (D:4)
  4 gnolls (D:4)
  An adder (D:4)
  A worm (D:2)
  2 dart slugs (D:1)
  2 leopard geckos (D:1)
  6 bats (D:1)
  2 giant cockroaches
  5 goblins
  2 hobgoblins (D:1)
  2 jackals (D:1)
  3 frilled lizards
  6 kobolds
  2 rats (D:1)
40 creatures vanquished.

Notes
Turn   | Place    | Note
-------+----------+-------------------------------------------
     0 | D:1      | GordonOverkill the Spriggan Ice Elementalist began the
                  | quest for the Orb.
     0 | D:1      | Reached XP level 1. HP: 9/9 MP: 5/5
   142 | D:1      | Reached XP level 2. HP: 12/13 MP: 4/7
   688 | D:1      | Reached XP level 3. HP: 16/16 MP: 6/9
   767 | D:1      | Learned a level 3 spell: Frozen Ramparts
   800 | D:1      | Found a sparkling altar of Nemelex Xobeh.
  1092 | D:2      | Found a faded altar of an unknown god.
  1433 | D:2      | You fall into a shaft and drop 2 floors!
  1527 | D:4      | Reached XP level 4. HP: 21/21 MP: 4/11
  1680 | D:4      | Reached XP level 5. HP: 4/24 MP: 1/13
  1684 | D:4      | Gained mutation: You passively map a small area around you.
                  | [potion of mutation]
  1684 | D:4      | Gained mutation: You are clumsy. (Dex -2) [potion of
                  | mutation]
  1684 | D:4      | Gained mutation: You can translocate small distances at
                  | will. [potion of mutation]
  1685 | D:4      | HP: 1/24 [poisoned by a worker ant]
  1688 | D:4      | Succumbed to a worker ant's poison

Illustrated notes

Levels and vault maps discovered:
D:1:      tarquinn_simple_flora_water_c, layout_basic,
          nemelex_xobeh_ov_fountains_minmay
D:2:      layout_loops_corners, chequers_ecumenical_altar_island, uniq_natasha
D:4:      layout_layer_cave, kennysheep_little_box, tgw_sif, temple_doors_ab,
          minmay_ruined_shrine

Skill      XL: |  1  2  3 |
---------------+----------+-----
Spellcasting   | 3 4 |  4.9
Ice Magic      | 4 |  4.3
Dodging        | |  3.0
Stealth        | |  3.0

Action                   |  1- 3 |  4- 6 || total
-------------------------+-------+-------++-------
Melee: Dagger            |     3 |       ||     3
       Unarmed           |     1 |       ||     1
 Cast: Freeze            |    49 |     5 ||    54
       Frozen Ramparts   |     7 |     2 ||     9
  Use: Potion            |       |     3 ||     3
Dodge: Dodged            |    35 |     5 ||    40

Table legend: (Time is in decaauts)
 A = Elapsed time spent in this place.
 B = Non-inter-level travel time spent in this place.
 C = Inter-level travel time spent in this place.
 D = Time resting spent in this place.
 E = Time spent auto-exploring this place.
 F = Levels seen in this place.
 G = Mean time per level.
                   A        B        C        D        E       F      G
               +--------+--------+--------+--------+--------+-----+--------+
         Total |   1328 |   1315 |     13 |    564 |    507 |   3 |  442.7 |
       Dungeon |   1328 |   1315 |     13 |    564 |    507 |   3 |  442.7 |
               +--------+--------+--------+--------+--------+-----+--------+

Top non-repeatable levels by time:
     D:1: 784 daAuts
     D:2: 335 daAuts
     D:4: 208 daAuts
